 Dungeon Crawl Stone Soup version 0.20.1-1-g8b1a95d (webtiles) character file.

1449 Gargoyl the Covered (level 9, -1/68 HPs)
             Began as a Formicid Abyssal Knight on Oct 26, 2017.
             Was a Priest of Lugonu.
             Engulfed by a cloud of steam (9 damage)
             ... on level 6 of the Dungeon.
             The game lasted 00:11:26 (6667 turns).

Gargoyl the Covered (Formicid Abyssal Knight)       Turns: 6667, Time: 00:11:29

Health: -1/68      AC: 18    Str: 20    XL:     9   Next: 4%
Magic:  13/22      EV:  6    Int: 13    God:    Lugonu [***...]
Gold:   266        SH:  0    Dex: 12    Spells: 8/8 levels left

rFire    . . .     SeeInvis +   a - +2 falchion
rCold    . . .     Gourm    .   (no shield)
rNeg     + . .     Faith    .   e - +0 plate armour
rPois    .         Spirit   .   (helmet unavailable)
rElec    .         Reflect  .   m - +1 cloak
rCorr    .         Harm     .   g - +2 pair of gloves {Str+3}
MR       .....                  (no boots)
Stlth    ..........             (no amulet)
Regen    0.3/turn               f - ring of positive energy
MPRegen  0.2/turn               i - ring of magical power

@: no status effects
A: permanent stasis, dig shafts and tunnels, four strong arms, antennae 3
a: Dig, Shaft Self, Depart the Abyss, Bend Space, Banish, Renounce Religion


You were on level 6 of the Dungeon.
You worshipped Lugonu.
Lugonu was most pleased with you.
You were very hungry.

You visited 1 branch of the dungeon, and saw 6 of its levels.
You visited the Abyss 1 time.

You collected 266 gold pieces.

Inventory:

Hand Weapons
 a - a +2 falchion (weapon)
Missiles
 v - 4 tomahawks (quivered)
Armour
 e - a +0 plate armour (worn)
 g - a +2 pair of gloves of strength (worn)
 m - a +1 cloak (worn)
Jewellery
 f - a ring of positive energy (left hand)
 i - a ring of magical power (right hand)
 o - an uncursed ring of protection from magic {unknown}
Wands
 s - a wand of digging (7/24)
Scrolls
 r - 3 scrolls of identify
 t - 3 scrolls of remove curse
 w - a scroll of fog
Potions
 d - 5 potions of curing
 h - a potion of flight {unknown}
 j - 2 potions of magic
 k - a potion of mutation {unknown}
 l - a potion of brilliance {unknown}
 p - a potion of degeneration {unknown}
Books
 q - a Fen Folio

   Spells                             Type                      Level
   a - Corpse Rot                     Necromancy                   2
   b - Stone Arrow                    Conjuration/Earth            3
   c - Leda's Liquefaction            Hexes/Earth                  4
   d - Summon Forest                  Summoning/Translocation      5
   e - Hydra Form                     Transmutation                6
   f - Summon Hydra                   Summoning                    7
Comestibles
 b - 5 fruits
 c - 4 bread rations
 n - 4 royal jellies
 u - 2 meat rations


   Skills:
 + Level 5.5 Fighting
 + Level 5.7 Long Blades
 + Level 0.2 Throwing
 * Level 7.2 Armour
 + Level 1.2 Dodging
 * Level 5.9 Invocations


You had 8 spell levels left.
You didn't know any spells.

Dungeon Overview and Level Annotations

Branches:
Dungeon (6/15)             Temple (0/1) D:6

Altars:
Ashenzari
Cheibriados
Nemelex Xobeh
Sif Muna
Vehumet
The Shining One

Annotations:
D:4 toffzen's ghost, amateur OgBe


Innate Abilities, Weirdness & Mutations

You cannot be hasted, slowed, berserked, paralysed or teleported.
You can dig through walls and to a lower floor.
Your four strong arms can wield two-handed weapons with a shield.
You have a pair of large antennae on your head. (SInv)


Message History

Aim: a steam dragon (moderately wounded, catching its breath, chance to defeat MR: 84%)
The steam dragon barely resists.
You feel somewhat more hungry.
You are engulfed in a cloud of scalding steam.
The steam dragon barely misses you.
The steam dragon claws you but does no damage.
The steam dragon barely misses you.
You riposte.
You hit the steam dragon.
The steam dragon is moderately wounded.
The steam dragon claws you but does no damage.
Press: ? - help, Shift-Dir - straight line, f/p - steam dragon
Aim: a steam dragon (steam, moderately wounded, catching its breath, chance to defeat MR: 84%)
The steam dragon is devoured by a tear in reality.
Lugonu claims a new guest.
You have reached level 9!
Your experience leads to an increase in your attributes!
Your base attributes are Str 16, Int 13, Dex 12.
Increase (S)trength, (I)ntelligence, or (D)exterity?
You feel stronger.
You are feeling very hungry.
You are engulfed in a cloud of scalding steam.
You die...

# #.## #..#.....# ##........
#####.### #........## ##.......
..##....####.........#####..#...#
....##..........................#
#...#####...§§..............)....
#....## ###.§..............)..##.
......# #....§..............###
......#####.....§§§...........# #
..###...#......§@§...........{# #
..# ##.................###...###
..# #..................###......
#.# #...................##......
#.# ##........................###
#.###.........###.........##..#
............### #.......#####.##
...........## #..##....## #..##
#..#.......# ###..##.##..####...


There were no monsters in sight!

Vanquished Creatures
  Grinder (D:3)
  A sky beast (D:6)
  A phantom (D:6)
  An ogre (D:6)
  2 centaurs
  3 bullfrogs
  A scorpion (D:5)
  3 crimson imps (D:5)
  A hound (D:4)
  An orc priest (D:3)
  4 worker ants
  A killer bee zombie (D:5)
  A worker ant zombie (D:5)
  3 gnolls (D:6)
  7 adders
  An ooze (D:1)
  3 adder skeletons
  A worm (D:2)
  4 dart slugs
  2 leopard geckos
  10 orcs
  A ball python (D:3)
  8 bats
  8 giant cockroaches
  11 goblins
  11 hobgoblins
  10 jackals
  2 quokkas
  3 frilled lizards
  A giant cockroach zombie (D:6)
  A jackal skeleton (D:5)
  5 kobolds
  A quokka skeleton (D:5)
  5 rats
119 creatures vanquished.

Vanquished Creatures (others)
  A steam dragon (D:6)
1 creature vanquished.

Grand Total: 120 creatures vanquished

Notes
Turn   | Place    | Note
-------+----------+-------------------------------------------
     0 | Abyss:1  | Gargoyl the Formicid Abyssal Knight began the quest for the Orb.
     0 | Abyss:1  | Reached XP level 1. HP: 18/18 MP: 2/2
     8 | Abyss:2  | Found a corrupted altar of Lugonu.
    47 | Abyss:2  | Noticed a fire bat
    48 | D:1      | Escaped the Abyss
    88 | D:1      | Reached XP level 2. HP: 19/24 MP: 3/3
   177 | D:1      | Reached * piety under Lugonu
   420 | D:1      | Reached XP level 3. HP: 30/30 MP: 4/4
   647 | D:1      | Found a shattered altar of Ashenzari.
  1012 | D:2      | Found a sparkling altar of Nemelex Xobeh.
  1033 | D:2      | Reached XP level 4. HP: 26/37 MP: 6/6
  1213 | D:2      | Reached skill level 3 in Armour
  1561 | D:2      | Reached ** piety under Lugonu
  1592 | D:2      | Found a deep blue altar of Sif Muna.
  1681 | D:2      | You fall through a shaft for 2 floors!
  1698 | D:4      | Reached XP level 5. HP: 31/42 MP: 7/7
  1999 | D:3      | Found a faded altar of an unknown god.
  2127 | D:3      | Found a radiant altar of Vehumet.
  2282 | D:3      | Found a snail-covered altar of Cheibriados.
  2298 | D:3      | Noticed Grinder
  2321 | D:3      | Killed Grinder
  2321 | D:3      | Reached skill level 4 in Armour
  2321 | D:3      | Reached skill level 1 in Dodging
  2321 | D:3      | Reached XP level 6. HP: 33/49 MP: 9/9
  2544 | D:4      | Reached XP level 7. HP: 26/55 MP: 10/10
  2557 | D:4      | Reached skill level 5 in Armour
  3125 | D:4      | Noticed toffzen's ghost (amateur OgBe)
  3726 | D:5      | Entered Level 5 of the Dungeon
  3946 | D:5      | Reached *** piety under Lugonu
  3946 | D:5      | Reached skill level 5 in Fighting
  4110 | D:5      | Reached XP level 8. HP: 54/62 MP: 11/11
  4797 | D:5      | Reached skill level 6 in Armour
  5090 | D:5      | Reached skill level 5 in Invocations
  5452 | D:6      | Reached skill level 5 in Long Blades
  5529 | D:6      | Found a staircase to the Ecumenical Temple.
  5964 | D:6      | Found a glowing golden altar of the Shining One.
  6410 | D:6      | Reached skill level 7 in Armour
  6667 | D:6      | Reached XP level 9. HP: 8/68 MP: 13/13
  6667 | D:6      | Engulfed by a cloud of steam

Skill      XL: |  1  2  3  4  5  6  7  8 |
---------------+-------------------------+-----
Fighting       | 4 5 |  5.5
Invocations    | 3 4 5 |  5.9
Armour         | 3 4 5 7 |  7.2
Long Blades    | 3 4 5 |  5.7
Dodging        | 1 |  1.2
Throwing       | |  0.2

Action                   |  1- 3 |  4- 6 |  7- 9 || total
-------------------------+-------+-------+-------++-------
Melee: Falchion          |   130 |   167 |   385 ||   682
Throw: Tomahawk          |       |       |     3 ||     3
Invok: Depart the Abyss  |     1 |       |       ||     1
       Banish            |       |       |     2 ||     2
  Use: Scroll            |     5 |     3 |     6 ||    14
       Potion            |       |       |     2 ||     2
  Eat: Chunk             |     1 |     4 |    14 ||    19
Armor: Plate armour      |   128 |   191 |   377 ||   696
       Skin              |       |       |     5 ||     5
Dodge: Dodged            |    40 |    82 |   118 ||   240
       Rpst.: Falchion   |    12 |    21 |    35 ||    68
